 Dungeon Sprint DCSS version 0.17-a0-1197-g2d00c63 (webtiles) character file.

1590 Kidiri the Covert (level 8, -1/46 HPs)
             Began as a Spriggan Assassin on June 2, 2015.
             Was a High Priest of Dithmenos.
             Slain by a phantasmal warrior (26 damage)
             ... in the Dungeon (Sprint VII: "The Pits").
             The game lasted 00:07:49 (1518 turns).

Kidiri the Covert (Spriggan Assassin)               Turns: 1518, Time: 00:07:50

Health: -1/46      AC:  6    Str:  7    XL:     8   Next: 61%
Magic:  12/12      EV: 29    Int: 16    God:    Dithmenos [*****.]
Gold:   0          SH:  0    Dex: 19    Spells: 0 memorised, 7 levels left

rFire  . . .     SeeInvis +     s - +2 dagger (elec)
rCold  . . .     Clarity  .     c - +0 robe
rNeg   . . .     SustAt   .     (shield restricted)
rPois  .         Gourm    .     (helmet restricted)
rElec  .         Spirit   .     d - +0 cloak
rCorr  .         Warding  .     (gloves unavailable)
rMut   .         NoTele   +     (boots unavailable)
MR     +....                    (no amulet)
Stlth  ++++++++++               u - +3 ring of intelligence
                                t - +3 ring of protection

@: wreathed by umbra, very quick, somewhat resistant to hostile enchantments,
uncannily stealthy
A: unfitting armour, see invisible, herbivore 3, speed 3, slow metabolism 2
a: Shadow Step, Shadow Form, Renounce Religion


You were in the Dungeon.
You worshipped Dithmenos.
Dithmenos was extremely pleased with you.
You were not hungry.

You visited 1 branch

Inventory:

Hand weapons
 a - a +2 dagger
 b - a +0 blowgun
 s - a +2 dagger of electrocution (weapon)
Missiles
 e - a poisoned needle
 f - 2 curare-tipped needles
Armour
 c - a +0 robe (worn)
 d - a +0 cloak (worn)
Jewellery
 t - a +3 ring of protection (left hand)
 u - a +3 ring of intelligence (right hand)
Scrolls
 p - 3 scrolls of remove curse
 q - 5 scrolls of amnesia
 r - a scroll of summoning
Potions
 h - 9 potions of curing
 i - 4 potions of heal wounds
 j - 2 potions of haste
 k - 4 potions of magic
 l - 4 potions of berserk rage
 o - 2 potions of invisibility
 v - 2 potions of agility
 w - a potion of brilliance
Comestibles
 g - 8 bread rations
 n - 40 fruits


   Skills:
 * Level 7.2 Fighting
 * Level 9.1 Short Blades
 * Level 9.5 Throwing
 * Level 11.9 Dodging
 * Level 13.8 Stealth
 + Level 4.4 Invocations


You had 7 spell levels left.
You didn't know any spells.

Dungeon Overview and Level Annotations

Branches:
Dungeon (1/1)

Altars:
Ashenzari
Cheibriados
Dithmenos
Elyvilon
Fedhas
Gozag
Kikubaaqudgha
Makhleb
Nemelex Xobeh
Okawaru
Qazlal
Ru
Sif Muna
Trog
Vehumet
Xom
Yredelemnul
Zin
The Shining One
Beogh
Jiyva
Lugonu


Innate Abilities, Weirdness & Mutations

You are tiny and cannot use many weapons and most armour.
You have supernaturally acute eyesight.
You are a herbivore.
You cover ground extremely quickly.
You need consume almost no food.


Message History

The phantasmal warrior is moderately damaged.
Your shadow barely misses the phantasmal warrior.
The phantasmal warrior hits you!!
Ouch! That really hurt!
* * * LOW HITPOINT WARNING * * *
You emit a cloud of dark smoke.
Read which item? (? for menu, Esc to quit)
Okay, then.
Drink which item? (? for menu, Esc to quit)
You feel much better.
The phantasmal warrior completely misses you.
You hit the phantasmal warrior but do no damage.
The phantasmal warrior is moderately damaged.
You hit the phantasmal warrior but do no damage.
There is a sudden explosion of sparks!
The phantasmal warrior is severely damaged.
Your shadow closely misses the phantasmal warrior.
The water moccasin bites you. The phantasmal warrior hits you!!
Ouch! That really hurt!
You die...

############ #__________#
#__________#
#.#####'##############++###
#_#)))'.'%.##..............
#_#)))#.#?(##......#..#....
#######'#####(..c..........
#.......§W@S§............).
#'#####'#####§.....#..#....
#.#).#...'.##..............
#.#..#...#.#####'#####'§###
#.#..#####.##.......##§§###
#.#..'..÷#.##.......##§§W..
#.#..'÷..'.##.......##§§§§.
#.#..########...<...##c§W§.
#)#..'.).)[##.......##§§k##


You could see a phantasmal warrior and a water moccasin.

Vanquished Creatures
  An elephant (D)
  A kobold demonologist (D)
  A wraith (D)
  A wolf (D)
  Edmund (D)
  A swamp drake (D)
  An eye of draining (D)
  A brain worm (D)
  4 big kobolds (D)
  A jelly (D)
  An orc priest (D)
  4 orc wizards (D)
  A worker ant (D)
  A river rat (D)
  2 giant eyeballs (D)
  An ooze (D)
  An adder skeleton (D)
  5 orcs (D)
  A ball python (D)
  A goblin (D)
  A hobgoblin (D)
  A kobold (D)
  2 rats (D)
35 creatures vanquished.

Vanquished Creatures (others)
  A hobgoblin (D)
  A giant cockroach (D)
  2 kobolds (D)
4 creatures vanquished.

Grand Total: 39 creatures vanquished

Notes
Turn   | Place    | Note
--------------------------------------------------------------
     0 | D        | Kidiri the Spriggan Assassin began the quest for the Orb.
     0 | D        | Reached XP level 1. HP: 10/10 MP: 2/2
    11 | D        | Noticed a worker ant
    15 | D        | Killed a worker ant
    15 | D        | Reached skill level 7 in Stealth
    15 | D        | Reached XP level 2. HP: 14/16 MP: 3/3
    47 | D        | Found a sacrificial altar of Ru.
    47 | D        | Found a basalt altar of Yredelemnul.
    47 | D        | Found a shadowy altar of Dithmenos.
    47 | D        | Found a deep blue altar of Sif Muna.
    47 | D        | Found a burning altar of Makhleb.
    47 | D        | Found a shimmering altar of Xom.
    47 | D        | Found an ancient bone altar of Kikubaaqudgha.
    47 | D        | Found a sparkling altar of Nemelex Xobeh.
    48 | D        | Found a glowing golden altar of the Shining One.
    48 | D        | Found a bloodstained altar of Trog.
    48 | D        | Found a shattered altar of Ashenzari.
    48 | D        | Found a white marble altar of Elyvilon.
    48 | D        | Found a snail-covered altar of Cheibriados.
    48 | D        | Found a blossoming altar of Fedhas.
    48 | D        | Found a radiant altar of Vehumet.
    48 | D        | Found a glowing silver altar of Zin.
    48 | D        | Found a corrupted altar of Lugonu.
    48 | D        | Found a viscous altar of Jiyva.
    48 | D        | Found a roughly hewn altar of Beogh.
    48 | D        | Found an iron altar of Okawaru.
    51 | D        | Became a worshipper of Dithmenos the Shadowed
    55 | D        | Found a stormy altar of Qazlal.
    55 | D        | Found an opulent altar of Gozag.
    76 | D        | Reached XP level 3. HP: 19/19 MP: 4/4
   293 | D        | Noticed a brain worm
   293 | D        | Noticed Edmund
   298 | D        | Killed a brain worm
   298 | D        | Reached skill level 5 in Dodging
   298 | D        | Reached skill level 8 in Stealth
   298 | D        | Reached XP level 4. HP: 23/25 MP: 5/5
   300 | D        | Acquired Dithmenos's first power
   362 | D        | Killed Edmund
   362 | D        | Reached skill level 5 in Short Blades
   362 | D        | Reached skill level 10 in Stealth
   362 | D        | Reached XP level 5. HP: 16/30 MP: 6/6
   661 | D        | Noticed a jelly
   662 | D        | Noticed an orc wizard
   662 | D        | Noticed an orc wizard
   662 | D        | Noticed an orc wizard
   662 | D        | Noticed an orc priest
   662 | D        | Noticed a wolf
   663 | D        | Noticed an orc wizard
   680 | D        | Killed an orc priest
   683 | D        | Killed an orc wizard
   683 | D        | Acquired Dithmenos's second power
   683 | D        | Reached skill level 1 in Invocations
   683 | D        | Reached XP level 6. HP: 22/35 MP: 7/7
   691 | D        | Killed a wolf
   691 | D        | Reached skill level 5 in Fighting
   691 | D        | Reached skill level 11 in Stealth
   693 | D        | Killed a jelly
   695 | D        | Killed an orc wizard
   695 | D        | Acquired Dithmenos's third power
   697 | D        | Killed an orc wizard
   701 | D        | Killed an orc wizard
   701 | D        | Reached XP level 7. HP: 18/39 MP: 7/9
   712 | D        | Acquired Dithmenos's fourth power
   894 | D        | Noticed an elephant
   896 | D        | Killed an elephant
   896 | D        | Reached skill level 10 in Dodging
   896 | D        | Reached skill level 12 in Stealth
   992 | D        | Noticed a swamp drake
   992 | D        | Noticed a kobold demonologist
   992 | D        | Noticed a big kobold
   992 | D        | Noticed a big kobold
   992 | D        | Noticed a big kobold
   992 | D        | Noticed a big kobold
  1002 | D        | Killed a big kobold
  1007 | D        | Killed a swamp drake
  1017 | D        | Killed a kobold demonologist
  1017 | D        | Reached skill level 13 in Stealth
  1017 | D        | Reached XP level 8. HP: 37/45 MP: 10/12
  1028 | D        | Killed a big kobold
  1033 | D        | Killed a big kobold
  1037 | D        | Killed a big kobold
  1214 | D        | Noticed an eye of draining
  1214 | D        | Noticed a wraith
  1217 | D        | Killed an eye of draining
  1219 | D        | Killed a wraith
  1250 | D        | Noticed a lindwurm
  1251 | D        | Noticed a guardian serpent
  1251 | D        | Noticed a raven
  1251 | D        | Noticed a red devil
  1253 | D        | Noticed a soldier ant
  1459 | D        | Noticed a phantasmal warrior
  1479 | D        | Noticed a centaur
  1485 | D        | Noticed a water moccasin
  1518 | D        | Slain by a phantasmal warrior

Vault maps used:
D:        pitsprint

Action                   |  1- 3 |  4- 6 |  7- 9 || total
-------------------------+-------+-------+-------++-------
Melee: Dagger            |     6 |    37 |    69 ||   112
 Fire: Blowgun           |       |     6 |     8 ||    14
Invok: Shadow Step       |       |       |     2 ||     2
  Use: Potion            |       |       |     2 ||     2
       Scroll            |       |       |     1 ||     1
 Stab: Sleeping          |     6 |       |     4 ||    10
       Distracted        |       |       |     2 ||     2
       Confused          |       |       |     1 ||     1
